[Event "EYCC 2017"]
[Site "Mamaia"]
[Date "2017.09.12"]
[Round "7"]
[White "Katter, Katharina"]
[Black "Karavitaki, Evaggelia"]
[Result "1/2-1/2"]
[ECO "D05"]
[WhiteElo "1591"]
[BlackElo "1703"]
[Annotator "NA"]
[PlyCount "116"]
[EventDate "2017.??.??"]
[EventType "swiss"]
[EventCountry "ROU"]
[SourceTitle "playchess.com"]
[Source "ChessBase"]
[SourceQuality "1"]
[TimeControl "40/5400+30:1800+30"]

1. d4 Nf6 2. Nf3 e6 3. e3 d5 4. Bd3 c5 5. b3 Be7 6. Bb2 b6 7. O-O Ba6 8. c4 dxc4 9. bxc4 Nbd7 10. Qe2 cxd4 11. exd4 O-O 12. Nbd2 Rc8 13. Rfe1 Bd6 14. Rac1 Bb8 15. Bb1 Qc7 16. Ne5 Bb7 17. f4 Rfd8 18. Ndf3 Bxf3 19. Qxf3 Nxe5 20. fxe5 Ne8 21. Rf1 g6 22. Be4 Qd7 23. d5 Ng7 24. d6 Rf8 25. Ba3 Nf5 26. Rfd1 f6 27. g4 fxe5 28. gxf5 exf5 29. Bd5+ Kg7 30. Qe3 Bxd6 31. Bxd6 Qxd6 32. Bb7 Qc5 33. Rd7+ Rf7 34. Rxf7+ Kxf7 35. Qxc5 Rxc5 36. Bd5+ Ke7 37. Rd1 h6 38. Kf2 Kf6 39. Kg3 e4 40. Kf4 g5+ 41. Ke3 Ke5 42. Ke2 f4 43. a4 a6 44. Bf7 b5 45. axb5 axb5 46. cxb5 Rxb5 47. Rd2 g4 48. Bh5 f3+ 49. Kf2 Kf4 50. Ke1 Rb1+ 51. Rd1 f2+ 52. Kxf2 Rxd1 53. Ke2 Rh1 54. h4 Rxh4 55. Bf7 Rh2+ 56. Kf1 e3 57. Kg1 e2 58. Bh5 Kg3 1/2-1/2

[Event "EYCC 2017"]
[Site "Mamaia"]
[Date "2017.09.12"]
[Round "7"]
[White "Shukhman, Anna"]
[Black "Fedorova, Olesya"]
[Result "0-1"]
[ECO "B42"]
[WhiteElo "1583"]
[BlackElo "1534"]
[Annotator "NA RC"]
[PlyCount "98"]
[EventDate "2017.??.??"]
[EventType "swiss"]
[EventCountry "ROU"]
[SourceTitle "playchess.com"]
[Source "ChessBase"]
[SourceQuality "1"]
[TimeControl "40/5400+30:1800+30"]

1. e4 c5 2. Nf3 e6 3. d4 cxd4 4. Nxd4 a6 5. Bd3 Bc5 6. Nb3 Be7 7. O-O Nc6 8. Be3 Nf6 9. Nc3 d6 10. a4 O-O 11. a5 Bd7 12. Na4 Ne5 13. Nb6 Rb8 14. h3 Bc6 15. f4 Nxd3 16. cxd3 d5 17. e5 Nd7 18. Nxd7 Qxd7 19. Bc5 Rbc8 20. d4 Bb5 21. Rf3 Bc4 22. Bxe7 Bxb3 23. Qxb3 Qxe7 24. Rc3 Qd7 25. Rac1 h6 26. Qb4 Rfd8 27. Rc5 Re8 28. Qb6 Red8 29. R1c3 Rxc5 30. Rxc5 Rc8 31. Qd6 Qe8 32. b3 h5 33. Rxc8 Qxc8 34. Qc5 Qxc5 35. dxc5 Kf8 36. b4 Ke7 37. b5 Kd7 38. c6+ Kc7 39. bxa6 bxa6 40. g4 hxg4 41. hxg4 Kxc6 42. Kf2 g6 43. Ke3 Kb5 44. Kd4 Kxa5 45. f5 gxf5 46. gxf5 Kb5 47. Kc3 Kc5 48. fxe6 fxe6 49. Kd3 a5 0-1

[Event "EYCC 2017"]
[Site "Mamaia"]
[Date "2017.09.12"]
[Round "7"]
[White "Shvedova, Alexandra"]
[Black "Muradyan, Anahit"]
[Result "1-0"]
[ECO "B18"]
[WhiteElo "1578"]
[BlackElo "1268"]
[Annotator "NA RC"]
[PlyCount "109"]
[EventDate "2017.??.??"]
[EventType "swiss"]
[EventCountry "ROU"]
[SourceTitle "playchess.com"]
[Source "ChessBase"]
[SourceQuality "1"]
[TimeControl "40/5400+30:1800+30"]

1. e4 c6 2. d4 d5 3. Nc3 dxe4 4. Nxe4 Bf5 5. Ng3 Bg6 6. Nf3 Nd7 7. Bd3 Bxd3 8. Qxd3 Ngf6 9. O-O e6 10. c4 Be7 11. b3 O-O 12. Bb2 c5 13. Rad1 cxd4 14. Nxd4 a6 15. Ne4 Qb6 16. Qe3 Nxe4 17. Qxe4 Nf6 18. Qe2 Qc7 19. Nf3 Nd7 20. Ne5 Nxe5 21. Bxe5 Qc6 22. Qg4 g6 23. Qf4 f5 24. Qh6 Bf6 25. Rd6 Qc8 26. Bxf6 Rxf6 27. Rfd1 Qf8 28. Qe3 Re8 29. Qb6 Rf7 30. Rxe6 Rxe6 31. Qxe6 Qe7 32. Qxe7 Rxe7 33. Kf1 Kf7 34. Rd3 Kf6 35. Rd2 Kg5 36. Re2 Rc7 37. Ke1 h5 38. Kd2 Kf4 39. Kc3 a5 40. Kd4 b6 41. Re6 Rd7+ 42. Kc3 g5 43. Rxb6 Ra7 44. Rd6 a4 45. b4 g4 46. c5 Ke5 47. Kc4 Rb7 48. Rd5+ Ke6 49. b5 Kf6 50. c6 Rc7 51. Kc5 Ke6 52. b6 Rc8 53. b7 Re8 54. c7 Kf7 55. c8=Q 1-0

[Event "EYCC 2017"]
[Site "Mamaia"]
[Date "2017.09.12"]
[Round "7"]
[White "Svergina, Sofya"]
[Black "Zubkovskaya, Ekaterina"]
[Result "1-0"]
[ECO "B90"]
[WhiteElo "1472"]
[BlackElo "1399"]
[Annotator "NA RC"]
[PlyCount "131"]
[EventDate "2017.??.??"]
[EventType "swiss"]
[EventCountry "ROU"]
[SourceTitle "playchess.com"]
[Source "ChessBase"]
[SourceQuality "1"]
[TimeControl "40/5400+30:1800+30"]

1. e4 c5 2. Nf3 d6 3. d4 cxd4 4. Nxd4 Nf6 5. Nc3 a6 6. Be3 Ng4 7. Bg5 h6 8. Bh4 g5 9. Bg3 Bg7 10. h3 Ne5 11. Be2 Nbc6 12. Nxc6 bxc6 13. Bxe5 Bxe5 14. Qd3 Rb8 15. Rb1 Qa5 16. O-O h5 17. Qc4 Qc7 18. Qd3 g4 19. h4 Bf6 20. Qg3 Qa7 21. Kh1 Be6 22. a3 Bc8 23. Rfd1 Bd7 24. Bc4 a5 25. Bb3 Qc5 26. Na4 Qe5 27. Qxe5 Bxe5 28. g3 f5 29. exf5 Bxf5 30. Kg1 Kd7 31. Nc5+ Ke8 32. Nd3 Bf6 33. Kf1 Be4 34. Nf4 Bf3 35. Rd2 Be5 36. Ng6 Rg8 37. Bxg8 Bc3 38. Rd3 Bf6 39. Nf4 Be4 40. Rd2 Bc3 41. Re2 Bf3 42. Re3 Bd4 43. Re6 Kd7 44. Bf7 Rf8 45. Bxh5 Be5 46. Re1 Bd5 47. Rg6 Bc4+ 48. Kg1 Bxf4 49. gxf4 Rxf4 50. Rxg4 Rxg4+ 51. Bxg4+ Kd8 52. h5 Bg8 53. Bf5 Ke8 54. h6 Kf8 55. h7 Bxh7 56. Bxh7 Kf7 57. b4 axb4 58. a4 Ke8 59. a5 Kd8 60. Rxe7 Kc8 61. a6 Kb8 62. a7+ Ka8 63. Be4 d5 64. Bf5 b3 65. Bd7 c5 66. Bc6# 1-0

[Event "EYCC 2017"]
[Site "Mamaia"]
[Date "2017.09.12"]
[Round "7"]
[White "Fileru, Maria"]
[Black "Chicarosie, Ioana-Bianca"]
[Result "1/2-1/2"]
[ECO "A80"]
[WhiteElo "1371"]
[BlackElo "1565"]
[Annotator "NA RC"]
[PlyCount "119"]
[EventDate "2017.??.??"]
[EventType "swiss"]
[EventCountry "ROU"]
[SourceTitle "playchess.com"]
[Source "ChessBase"]
[SourceQuality "1"]
[TimeControl "40/5400+30:1800+30"]

1. d4 f5 2. Nc3 Nf6 3. Bg5 d5 4. Bxf6 exf6 5. e3 Be6 6. Bb5+ Nd7 7. Qf3 c6 8. Bd3 g6 9. Nge2 Qc7 10. Nf4 Bf7 11. h3 Bd6 12. g4 fxg4 13. hxg4 Bxf4 14. Qxf4 Qxf4 15. exf4 O-O-O 16. O-O-O Rde8 17. Rde1 Rxe1+ 18. Rxe1 Re8 19. Rxe8+ Bxe8 20. Ne2 c5 21. c3 c4 22. Bc2 h5 23. f5 g5 24. Bd1 h4 25. f4 Kc7 26. fxg5 fxg5 27. Ng1 Nf6 28. Nh3 Nh7 29. Kd2 Kd6 30. Ke3 Ke7 31. Bc2 Kf6 32. Bd1 Nf8 33. Bc2 Bc6 34. Ng1 Nd7 35. Nf3 b5 36. b4 a6 37. Ke2 Bb7 38. a4 Bc6 39. a5 Bb7 40. Ke3 Bc6 41. Ke2 Bb7 42. Ke3 Bc6 43. Ke2 Bb7 44. Ke3 Nb8 45. Ne5 Nc6 46. Nxc6 Bxc6 47. Kf3 Bd7 48. Kg2 Bc6 49. Kh3 Bd7 50. Kg2 Bc6 51. Kh3 Bd7 52. Kg2 Bc6 53. Kh3 Bd7 54. Kg2 h3+ 55. Kxh3 Bc6 56. Kg3 Bd7 57. Kf3 Bc6 58. Kg3 Bd7 59. Kf3 Bc6 60. Kg3 1/2-1/2

[Event "EYCC 2017"]
[Site "Mamaia"]
[Date "2017.09.12"]
[Round "7"]
[White "Mustu, Hatice Asli"]
[Black "Poliato, Irina"]
[Result "1-0"]
[ECO "D00"]
[WhiteElo "1365"]
[BlackElo "1569"]
[Annotator "NA RC"]
[PlyCount "83"]
[EventDate "2017.??.??"]
[EventType "swiss"]
[EventCountry "ROU"]
[SourceTitle "playchess.com"]
[Source "ChessBase"]
[SourceQuality "1"]
[TimeControl "40/5400+30:1800+30"]

1. d4 d5 2. Bf4 Nf6 3. e3 c5 4. c3 Qb6 5. Qb3 c4 6. Qc2 Nc6 7. Nd2 g6 8. Ngf3 Bf5 9. Qc1 Bg7 10. Be2 O-O 11. h3 Rfe8 12. O-O Ne4 13. Nxe4 Bxe4 14. Nd2 Bf5 15. e4 Bxe4 16. Nxe4 dxe4 17. Bxc4 e5 18. dxe5 Bxe5 19. Be3 Qc7 20. Re1 Kh8 21. Bg5 f6 22. Be3 Rad8 23. Kh1 a6 24. Bb3 Na5 25. Bc2 f5 26. Bg5 Rd7 27. Rd1 Rxd1+ 28. Qxd1 Nc4 29. Rb1 Re6 30. Bb3 Rd6 31. Qe2 Na5 32. f3 Nxb3 33. axb3 Qd7 34. Rf1 Re6 35. fxe4 Bg7 36. Rd1 Qf7 37. Qc4 Bf6 38. Rd6 Bxg5 39. Qxe6 Qxe6 40. Rxe6 Bc1 41. exf5 gxf5 42. Re2 1-0

[Event "EYCC 2017"]
[Site "Mamaia"]
[Date "2017.09.12"]
[Round "7"]
[White "Camlar, Arda"]
[Black "Vetokhin, Savva"]
[Result "1-0"]
[ECO "B30"]
[WhiteElo "1361"]
[BlackElo "1703"]
[Annotator "NA RC"]
[PlyCount "97"]
[EventDate "2017.??.??"]
[EventType "swiss"]
[EventCountry "ROU"]
[SourceTitle "playchess.com"]
[Source "ChessBase"]
[SourceQuality "1"]
[TimeControl "40/5400+30:1800+30"]

1. e4 c5 2. Nf3 Nc6 3. Bb5 Nf6 4. e5 Nd5 5. c4 Ndb4 6. O-O Nd3 7. Qe2 Nxc1 8. Rxc1 g6 9. Nc3 Bg7 10. Qe3 b6 11. Bxc6 dxc6 12. d4 cxd4 13. Nxd4 Qc7 14. f4 O-O 15. b4 Bb7 16. a4 c5 17. Ndb5 Qc6 18. Nd5 Kh8 19. Nbc7 Rac8 20. Nb5 Ra8 21. Qh3 a6 22. Nbc7 e6 23. Nxa8 Rxa8 24. b5 Qd7 25. Rd1 Rd8 26. Nc3 Qc7 27. Rxd8+ Qxd8 28. Rd1 Qe7 29. Qd3 axb5 30. axb5 Bc8 31. Qd8+ Bf8 32. Qxe7 Bxe7 33. Ne4 Kg8 34. Ra1 Bb7 35. Nd6 Bxd6 36. exd6 Kf8 37. Ra6 Ke8 38. Rxb6 Be4 39. Rb8+ Kd7 40. Rf8 Kxd6 41. Rxf7 Bd3 42. b6 Bxc4 43. b7 Be2 44. b8=Q+ Kd5 45. Qe5+ Kc4 46. Qxe2+ Kc3 47. Rd7 c4 48. Qd2+ Kb3 49. Rb7+ 1-0

[Event "EYCC 2017"]
[Site "Mamaia"]
[Date "2017.09.12"]
[Round "7"]
[White "Makridis, Dimitrios"]
[Black "Saridag, Omer Melih"]
[Result "1/2-1/2"]
[ECO "B01"]
[WhiteElo "1288"]
[BlackElo "1803"]
[Annotator "NA RC"]
[PlyCount "98"]
[EventDate "2017.??.??"]
[EventType "swiss"]
[EventCountry "ROU"]
[SourceTitle "playchess.com"]
[Source "ChessBase"]
[SourceQuality "1"]
[TimeControl "40/5400+30:1800+30"]

1. e4 d5 2. exd5 Qxd5 3. Nc3 Qa5 4. Nf3 c6 5. d4 Bf5 6. Bc4 Nf6 7. O-O e6 8. Ne5 Bd6 9. f4 O-O 10. Be3 b5 11. Bd3 b4 12. Ne2 Nd5 13. Qd2 f6 14. Bxf5 exf5 15. Nc4 Qc7 16. Ng3 g6 17. Nxd6 Qxd6 18. c4 bxc3 19. bxc3 Nb6 20. Qd3 Qd5 21. Rfe1 N8d7 22. Bc1 Rfe8 23. Bd2 Nc5 24. Qc2 Ne4 25. Nf1 Nc4 26. Ne3 Nxe3 27. Rxe3 c5 28. Rd3 c4 29. Re3 Reb8 30. Ree1 Rb5 31. Rab1 Rab8 32. Rxb5 Qxb5 33. Bc1 Rb6 34. Ba3 Kg7 35. h3 Kf7 36. Rd1 Qd5 37. Rb1 Rxb1+ 38. Qxb1 Kg7 39. Qb4 Qf7 40. d5 Qe8 41. d6 Ng3 42. Qb7+ Kg8 43. Qb1 Qe3+ 44. Kh2 Qxf4 45. d7 Ne2+ 46. Kh1 Ng3+ 47. Kg1 Ne2+ 48. Kh1 Ng3+ 49. Kh2 Ne2+ 1/2-1/2

[Event "EYCC 2017"]
[Site "Mamaia"]
[Date "2017.09.12"]
[Round "7"]
[White "Hajdu, Marton Abris"]
[Black "Bartodziej, Bartosz"]
[Result "0-1"]
[ECO "B28"]
[WhiteElo "1280"]
[BlackElo "1402"]
[Annotator "NA"]
[PlyCount "112"]
[EventDate "2017.??.??"]
[EventType "swiss"]
[EventCountry "ROU"]
[SourceTitle "playchess.com"]
[Source "ChessBase"]
[SourceQuality "1"]
[TimeControl "40/5400+30:1800+30"]

1. e4 c5 2. Nf3 a6 3. c4 Nc6 4. d4 cxd4 5. Nxd4 e5 6. Nc2 Nf6 7. Nc3 Bc5 8. Be3 Bxe3 9. Nxe3 d6 10. Be2 O-O 11. O-O Be6 12. b3 Rc8 13. Ncd5 Nxe4 14. Bd3 Nf6 15. Qb1 h6 16. Nxf6+ Qxf6 17. Rd1 Rfd8 18. Bf5 Rc7 19. Be4 Nd4 20. Qd3 Qg5 21. Bd5 Bg4 22. Nxg4 Qxg4 23. f3 Qg5 24. Rac1 Qf5 25. Be4 Qg5 26. Bd5 a5 27. Ra1 b6 28. Rac1 Nf5 29. Be4 Ne3 30. Rd2 Nxg2 31. Rxg2 Qxc1+ 32. Kf2 Qb2+ 33. Kf1 Qa1+ 34. Ke2 Qxa2+ 35. Kf1 Qa1+ 36. Ke2 Qb2+ 37. Kf1 Qd4 38. Qb1 a4 39. Bd5 Kh8 40. bxa4 Ra7 41. Rg4 Qd2 42. Qxb6 Qa5 43. Qe3 Qxa4 44. Kg2 Qc2+ 45. Kh3 Ra2 46. Qg1 g5 47. Bxf7 Qe2 48. Bd5 Rf8 49. Qh1 Rd2 50. Qg1 Rxf3+ 51. Bxf3 Qxf3+ 52. Qg3 Qf1+ 53. Qg2 Rxg2 54. Rxg2 Kh7 55. Kg3 Qf4+ 56. Kh3 Qh4# 0-1

[Event "EYCC 2017"]
[Site "Mamaia"]
[Date "2017.09.12"]
[Round "7"]
[White "Keskinler, Ela"]
[Black "Andries, Alexia"]
[Result "1-0"]
[ECO "B41"]
[WhiteElo "1276"]
[BlackElo "1110"]
[Annotator "NA RC"]
[PlyCount "95"]
[EventDate "2017.??.??"]
[EventType "swiss"]
[EventCountry "ROU"]
[SourceTitle "playchess.com"]
[Source "ChessBase"]
[SourceQuality "1"]
[TimeControl "40/5400+30:1800+30"]

1. e4 c5 2. Nf3 e6 3. d4 cxd4 4. Nxd4 a6 5. c4 Qc7 6. Nc3 Nf6 7. a3 Bc5 8. Be2 Bxd4 9. Qxd4 Nc6 10. Qd3 O-O 11. O-O d6 12. Bf4 e5 13. Be3 Be6 14. b4 Ne7 15. Rfd1 Rfd8 16. Rac1 Rac8 17. Na4 Qb8 18. Nb6 Rc6 19. f3 Nc8 20. Na4 Nh5 21. g3 Nf6 22. f4 exf4 23. Bxf4 Ng4 24. Qd4 Qc7 25. h3 Nf6 26. e5 Ne8 27. exd6 Ncxd6 28. c5 Bb3 29. cxd6 Qd7 30. Rxc6 bxc6 31. Nb6 Qe6 32. Bc4 Bxc4 33. Qxc4 Qxc4 34. Nxc4 Nf6 35. Ne5 Kf8 36. Nxc6 Rd7 37. Nb8 Rd8 38. Nxa6 Ke8 39. b5 Kd7 40. Nc5+ Kc8 41. b6 Kb8 42. d7+ Ka8 43. b7+ Ka7 44. b8=Q+ Rxb8 45. Bxb8+ Kxb8 46. d8=Q+ Ka7 47. Qc7+ Ka8 48. Rd8# 1-0

[Event "EYCC 2017"]
[Site "Mamaia"]
[Date "2017.09.12"]
[Round "7"]
[White "Kirtadze, Anastasia"]
[Black "Zavivaeva, Evelina"]
[Result "1/2-1/2"]
[ECO "A40"]
[WhiteElo "1193"]
[BlackElo "1406"]
[Annotator "NA RC"]
[PlyCount "122"]
[EventDate "2017.??.??"]
[EventType "swiss"]
[EventCountry "ROU"]
[SourceTitle "playchess.com"]
[Source "ChessBase"]
[SourceQuality "1"]
[TimeControl "40/5400+30:1800+30"]

1. d4 Nf6 2. c4 e6 3. g3 Bb4+ 4. Bd2 Qe7 5. Bg2 Nc6 6. d5 exd5 7. cxd5 Ne5 8. Qb3 Bxd2+ 9. Nxd2 d6 10. Ngf3 Nxf3+ 11. Nxf3 O-O 12. Rc1 Bf5 13. O-O Be4 14. Rfd1 Rfe8 15. Qc4 c6 16. dxc6 bxc6 17. Qd4 Rad8 18. Bf1 h6 19. Rc3 Qb7 20. Rb3 Qd7 21. Ra3 c5 22. Qd2 Qb7 23. Rb3 Qc7 24. Rc3 Nd5 25. Rcc1 Qb7 26. b3 f6 27. Ne1 Nb6 28. f3 Bg6 29. Bg2 Qe7 30. e4 d5 31. exd5 Rxd5 32. Qc3 Red8 33. Rxd5 Rxd5 34. f4 Be4 35. Qe3 f5 36. g4 Kf8 37. gxf5 Bxg2 38. Nxg2 Rxf5 39. Qxe7+ Kxe7 40. Kf2 g5 41. Kf3 Kd6 42. Rc2 h5 43. h3 Nd5 44. Ke4 Ke6 45. Rxc5 Nf6+ 46. Kd4 gxf4 47. Rxf5 Kxf5 48. Ne1 Ne4 49. Nf3 Nf2 50. Ng1 Ne4 51. Nf3 Ng3 52. Ng1 Nf1 53. Nf3 Ne3 54. Nh4+ Kg5 55. Nf3+ Kf5 56. Nh4+ Kg5 57. Nf3+ Kf5 58. Nh4+ Kg5 59. Nf3+ Kf6 60. Ke4 Ng2 61. Ng1 Ke6 1/2-1/2